 Dungeon Crawl Stone Soup version 0.28.0-43-g3370ac3207 (webtiles) character file.

Game seed: 5546455939460610271

2420 sanboga the Chopper (level 9, -4/56 HPs)
             Began as a Gargoyle Fighter on Mar 29, 2022.
             Was an Initiate of Trog.
             Slain by a kobold brigand
             ... wielding a +0 short sword
              (5 damage)
             ... on level 6 of the Dungeon.
             The game lasted 00:08:10 (7861 turns).

sanboga the Chopper (Gargoyle Fighter)              Turns: 7861, Time: 00:08:10

Health: -4/56      AC: 18    Str: 24    XL:     9   Next: 48%
Magic:  9/9        EV:  6    Int:  9    God:    Trog [......]
Gold:   1286       SH: 10    Dex:  9    Spells: 8/8 levels left

rFire   . . .      SeeInvis .   a - +1 war axe
rCold   . . .      Faith    .   p - +1 kite shield
rNeg    + . .      Spirit   .   t - +0 chain mail
rPois   ∞          Reflect  .   (no helmet)
rElec   +          Harm     .   (no cloak)
rCorr   .          Rampage  .   (no gloves)
Will    .....                   g - +0 pair of boots
Stlth   ..........              (no amulet)
HPRegen 0.18/turn               (no ring)
MPRegen 0.11/turn               (no ring)

@: mighty, hasted, very quick
A: sickness immunity, AC +6, negative energy resistance 1, electricity
resistance, torment resistance 1, petrification resistance
a: Renounce Religion


You were on level 6 of the Dungeon.
You worshipped Trog.
Trog was noncommittal.
You visited 2 branches of the dungeon, and saw 7 of its levels.

You collected 1286 gold pieces.

Inventory:

Hand Weapons
 a - a +1 war axe (weapon)
Armour
 g - a +0 pair of boots (worn)
 p - a +1 kite shield (worn)
 t - a +0 chain mail (worn)
Jewellery
 i - a ring of ice
 j - a ring of ice
Scrolls
 b - a scroll of teleportation
 c - a scroll of magic mapping
 e - a scroll of enchant weapon
 f - a scroll of immolation {unknown}
 h - a scroll of blinking
 m - a scroll of enchant armour
 n - a scroll of silence {unknown}
 q - 3 scrolls of identify
Potions
 d - a potion of might
 k - 3 potions of haste
 l - 2 potions of lignification {unknown}
 o - a potion of resistance {unknown}
 r - a potion of curing {unknown}
 s - a potion of flight {unknown}


   Skills:
 + Level 6.9 Fighting
 * Level 7.5 Axes
 + Level 6.9 Armour
 + Level 6.9 Shields


You had 8 spell levels left.
You didn't know any spells.
Your spell library contained the following spells:

 Spells                   Type           Power      Damage    Failure   Level
 Freezing Cloud           Conj/Ice/Air   0%         6-21      100%        5
 Simulacrum               Ice/Necr       0%         N/A       100%        6
 Polar Vortex             Ice            0%         N/A       100%        9


Dungeon Overview and Level Annotations

Branches:
Dungeon (6/15)             Temple (1/1) D:6

Altars:
Cheibriados
Dithmenos
Fedhas
Gozag
Hepliaklqana
Kikubaaqudgha
Makhleb
Nemelex Xobeh
Okawaru
Qazlal
Ru
Sif Muna
Trog
Wu Jian
Xom
Yredelemnul
Zin

Shops:
D:1 [   D:6 :

Annotations:
D:6 crimpus's ghost, novice DjCA


Innate Abilities, Weirdness & Mutations

You are immune to sickness and miasma.
Your stone body is resilient. (AC +6)
You are immune to poison.
You resist negative energy. (rN+)
You are resistant to electric shocks. (rElec)
You are resistant to unholy torment.
You are immune to petrification.


Message History

The kobold brigand hits you but does no damage. x2
You closely miss the kobold brigand. You slash the kobold brigand! x2
The kobold brigand hits you with a +0 whip of venom.
The kobold demonologist mumbles some strange words.
The kobold brigand hits you with a +2 short sword of distortion.
Space warps horribly around you!
You slash the kobold brigand!
You kill the kobold brigand!
Trog accepts your kill.
You hit the kobold brigand. You miss the kobold brigand.
The kobold brigand hits you but does no damage.
Space warps around you. You block the kobold brigand's attack.
You are too injured to fight recklessly!
You are too injured to fight recklessly!
You closely miss the kobold brigand.
The kobold brigand is moderately wounded.
You closely miss the kobold brigand. You slash the kobold brigand!
The kobold brigand barely misses you.
The kobold brigand hits you with a +2 short sword of distortion.
Space warps horribly around you!
* * * LOW HITPOINT WARNING * * *
You hit the kobold brigand.
The kobold brigand is heavily wounded.
You slash the kobold brigand! You hit the kobold brigand.
The kobold brigand closely misses you. You block the kobold brigand's attack.
You barely miss the kobold brigand.
The kobold brigand is heavily wounded.
You barely miss the kobold brigand. You slash the kobold brigand!
Crimpus's ghost ripples.
The kobold brigand barely misses you. You block the kobold brigand's attack.
The kobold brigand hits you but does no damage.
You blink.
The kobold brigand hits you but does no damage.
Space warps around you.
* * * LOW HITPOINT WARNING * * *
You completely miss the kobold brigand.
The kobold brigand is severely wounded.
You hit the kobold brigand.
The kobold brigand hits you with a +0 short sword.
You die...

##).....)............
##.......)).).........
#...).................
#.##'''##.............
###..K.K##............
#..#K#KW#............
#♣.#4#.♣#............
#..#.#K)#...........#
##..@KK##..........##
##K..##..........##
######.........##
#..##........#
#..######...## #...#
##...##
#...####.....##
##....##.......###
##.....†...........


You could see an ice devil (summoned) and 6 kobold brigands.

Vanquished Creatures
  Prince Ribbit (D:6)
  Duvessa (D:6)
  3 water moccasins
  2 black bears (D:4)
  A sky beast (D:6)
  5 phantoms
  5 kobold brigands
  A bullfrog (D:6)
  A water moccasin zombie (D:5)
  A scorpion (D:5)
  Dowan (D:6)
  2 bullfrog zombies
  A centaur zombie (D:6)
  2 hounds (D:6)
  3 jellies
  A centaur skeleton (D:5)
  2 iguanas (D:6)
  3 orc wizards
  A hound skeleton (D:4)
  5 adders
  An ufetubus (D:5)
  4 worms
  3 dart slugs
  11 orcs
  7 ball pythons
  8 bats
  5 endoplasms
  A giant cockroach (D:2)
  9 goblins
  5 hobgoblins
  3 jackals (D:2)
  16 kobolds
  4 quokkas
  4 frilled lizards
  3 rats
126 creatures vanquished.

Vanquished Creatures (others)
  3 fungi (D:6)
  A plant (D:6)
4 creatures vanquished.

Grand Total: 130 creatures vanquished

Notes
Turn   | Place    | Note
-------+----------+-------------------------------------------
     0 | D:1      | sanboga the Gargoyle Fighter began the quest for the Orb.
     0 | D:1      | Reached XP level 1. HP: 14/14 MP: 1/1
   203 | D:1      | Found Wuwem's Antique Armour Boutique.
   274 | D:1      | Reached skill level 2 in Axes
   332 | D:1      | Reached XP level 2. HP: 19/19 MP: 2/2
   782 | D:1      | Found a faded altar of an unknown god.
   981 | D:1      | Reached XP level 3. HP: 23/23 MP: 3/3
  1906 | D:2      | Reached XP level 4. HP: 29/29 MP: 4/4
  1921 | D:2      | You fall into a shaft and drop 1 floor!
  2289 | D:3      | Reached skill level 3 in Axes
  2601 | D:3      | Reached XP level 5. HP: 33/33 MP: 5/5
  2643 | D:3      | Found a sparkling altar of Nemelex Xobeh.
  2668 | D:3      | Found an ornate altar of the Wu Jian Council.
  2675 | D:3      | Found a hazy altar of Hepliaklqana.
  2676 | D:3      | Found a shimmering blue altar of Sif Muna.
  2676 | D:3      | Found a glowing silver altar of Zin.
  3168 | D:3      | Found an iron altar of Okawaru.
  3556 | D:4      | Noticed a black bear
  3566 | D:4      | Killed a black bear
  3567 | D:4      | Reached XP level 6. HP: 37/39 MP: 6/6
  3618 | D:4      | Reached skill level 4 in Axes
  3864 | D:4      | Noticed a water moccasin
  3882 | D:4      | Killed a water moccasin
  3883 | D:4      | Reached XP level 7. HP: 19/44 MP: 7/7
  4179 | D:4      | Reached skill level 5 in Fighting
  4179 | D:4      | Reached skill level 5 in Shields
  4562 | D:4      | Reached skill level 5 in Armour
  4821 | D:4      | Identified a scroll of acquirement
  4824 | D:4      | Acquired 957 gold pieces
  4845 | D:5      | Entered Level 5 of the Dungeon
  4860 | D:5      | Reached skill level 5 in Axes
  5079 | D:5      | Reached XP level 8. HP: 47/50 MP: 8/8
  5775 | D:5      | Reached skill level 6 in Axes
  6156 | D:6      | Noticed Prince Ribbit
  6200 | D:6      | Killed Prince Ribbit
  6453 | D:6      | Noticed Duvessa
  6453 | D:6      | Noticed Dowan
  6519 | D:6      | Killed Duvessa
  6520 | D:6      | Reached XP level 9. HP: 34/56 MP: 9/9
  6532 | D:6      | Killed Dowan
  6811 | D:6      | Found a shimmering altar of Xom.
  6886 | D:6      | Reached skill level 7 in Axes
  6981 | D:6      | Found Kotsimm's Book Shop.
  7111 | D:6      | Found a runed translucent gate.
  7111 | D:6      | Noticed crimpus's ghost (novice DjCA)
  7112 | D:6      | Found a runed translucent gate.
  7112 | D:6      | Noticed a kobold demonologist
  7113 | D:6      | Found a runed translucent gate.
  7333 | D:6      | Found a sacrificial altar of Ru.
  7513 | D:6      | Found a staircase to the Ecumenical Temple.
  7526 | Temple   | Entered the Ecumenical Temple
  7767 | Temple   | Became a worshipper of Trog the Wrathful
  7859 | D:6      | Noticed an ice devil
  7860 | D:6      | HP: 1/56 [kobold brigand/+2 short sword of distortion (4)]
  7861 | D:6      | Slain by a kobold brigand

Illustrated notes

Levels and vault maps discovered:
D:1:      amcnicky_arrival_flooded_fountain, layout_basic, serial_shops,
          nicolae_shop_waterfront, hellmonk_ecumenical_altar_zigzags
D:2:      layout_loops_ring, chequers_serial_rivers_room_a
D:3:      layout_loops_ring, grunt_temple_overflow_open,
          nicolae_overflow_crystal_walls
D:4:      layout_loops_ring
D:5:      layout_basic
D:6:      layout_layer_cave, amcnicky_altar_gilded,
          mainiacjoe_overflow_24_doors, minmay_temple_entry_fiery, serial_shops,
          shop, gammafunk_ghost_nasty_kobolds, minmay_misc_feat_chi,
          uniq_prince_ribbit1, uniq_duvessa
Temple:   jpeg_temple_island

Skill      XL: |  1  2  3  4  5  6  7  8  9 |
---------------+----------------------------+-----
Axes           | 2 3 4 5 6 7 |  7.5
Shields        | 4 5 6 |  6.9
Fighting       | 4 5 6 |  6.9
Armour         | 4 5 6 |  6.9

Action                   |  1- 3 |  4- 6 |  7- 9 || total
-------------------------+-------+-------+-------++-------
Melee: War axe           |   142 |   141 |   286 ||   569
  Use: Scroll            |       |     1 |     8 ||     9
       Potion            |       |     1 |     3 ||     4
Armor: Scale mail        |    81 |    76 |    25 ||   182
       Chain mail        |       |       |   193 ||   193
Dodge: Dodged            |    70 |    57 |    77 ||   204
Block: Buckler           |    41 |    10 |       ||    51
       Kite shield       |       |    41 |   143 ||   184
